 Dungeon Crawl Stone Soup version 0.22-a0-580-gd5db89c (webtiles) character file.

329 Atlas the Grave Robber (level 6, -4/41 HPs)
             Began as a Mummy Necromancer on July 3, 2018.
             Killed by divine providence
             ... invoked by an orc priest
              (12 damage)
             ... on level 4 of the Dungeon.
             The game lasted 00:06:42 (3401 turns).

Atlas the Grave Robber (Mummy Necromancer)          Turns: 3401, Time: 00:06:42

Health: -4/41      AC:  3    Str: 12    XL:     6   Next: 25%
Magic:  7/23       EV: 11    Int: 16    God:
Gold:   104        SH:  0    Dex: 12    Spells: 11/15 levels left

rFire    x . .     SeeInvis .   f - +1 hand axe (flame)
rCold    + . .     Gourm    .   (no shield)
rNeg     + + +     Faith    .   e - +0 leather armour
rPois    ∞         Spirit   .   (no helmet)
rElec    .         Reflect  .   (no cloak)
rCorr    .         Harm     .   (no gloves)
MR       .....                  (no boots)
Stlth    ++........             (no amulet)
HPRegen  0.13/turn              b - ring of magical power
MPRegen  0.18/turn              (no ring)

@: no status effects
A: no food or potions, fire vulnerability, cold resistance 1, negative energy
resistance 3, torment resistance, unbreathing
a: no special abilities


You were on level 4 of the Dungeon.
You were not hungry.

You visited 1 branch of the dungeon, and saw 4 of its levels.

You collected 104 gold pieces.

Inventory:

Hand Weapons
 f - a +1 hand axe of flaming (weapon)
Armour
 e - a +0 leather armour (worn)
Jewellery
 b - a ring of magical power (left hand)
Wands
 g - a wand of iceblast (7)
Scrolls
 a - a scroll of amnesia
 c - a scroll of teleportation
 d - 3 scrolls of identify


   Skills:
 + Level 0.1 Fighting
 + Level 0.3 Axes
 + Level 0.6 Armour
 + Level 1.6 Dodging
 + Level 2.0 Stealth
 + Level 0.2 Unarmed Combat
 + Level 5.3 Spellcasting
 + Level 6.1 Necromancy


You had 11 spell levels left.
You knew the following spells:

 Your Spells              Type           Power        Failure   Level  Hunger
a - Pain                  Necr           ###.         1%          1    N/A
c - Vampiric Draining     Necr           ###.......   4%          3    N/A

Your spell library contained the following spells:

 Spells                   Type           Power        Failure   Level  Hunger
 Confuse                  Hex            #.......     50%         3    N/A
 Animate Dead             Necr           N/A          16%         4    N/A
 Animate Skeleton         Necr           N/A          1%          1    N/A
 Regeneration             Chrm/Necr      ##........   16%         3    N/A
 Confusing Touch          Hex            #.....       19%         1    N/A
 Metabolic Englaciation   Hex/Ice        #.........   99%         5    N/A
 Petrify                  Tmut/Erth      #.......     88%         4    N/A
 Gell's Gravitas          Tloc           #.........   50%         3    N/A
 Yara's Violent Unravell  Hex/Tmut       #.........   99%         5    N/A

Dungeon Overview and Level Annotations

Branches:
Dungeon (4/15)
 Temple: D:4-7

Altars:
Elyvilon


Innate Abilities, Weirdness & Mutations

You do not eat or drink.
Your flesh is vulnerable to fire.
You are immune to poison.
Your flesh is cold resistant. (rC+)
You are immune to negative energy. (rN+++)
You are immune to unholy pain and torment.
You can survive without breathing.


Message History

Casting: Vampiric Draining (safe; 4% risk of failure)
Confirm with . or Enter, or press ? or * to list all spells.
Aiming: Vampiric Draining (safe; 4% risk of failure)
Press: ? - help, Shift-Dir - straight line You feel life coursing into your body.
Something hits you.
You hit something but do no damage. Something hits you.
* * * LOW HITPOINT WARNING * * *
You hear some strange, mumbled words.
A puff of flame appears from out of thin air!
The puff of flame hits you! The fire burns you terribly!
* * * LOW HITPOINT WARNING * * *
Unknown command.
Casting: Vampiric Draining (safe; 4% risk of failure)
Confirm with . or Enter, or press ? or * to list all spells.
Aiming: Vampiric Draining (safe; 4% risk of failure)
Press: ? - help, Shift-Dir - straight line You feel life coursing into your body.
The orc priest calls down the wrath of Beogh upon you.
Beogh smites you!
You die...

#. #. #.
#.###########.
#.....@){ol...
#.....#######.
#......#
#......#
#......#
###.##.#
#.##.# #.##.#
#)##.#


You could see an orc priest and a leopard gecko.

Vanquished Creatures
  A centaur (D:3)
  An ogre (D:4)
  An orc wizard (D:4)
  An orc priest (D:3)
  2 adders
  An adder skeleton (D:4)
  A worm (D:2)
  A dart slug (D:1)
  A leopard gecko (D:2)
  9 orcs
  6 giant cockroaches
  8 goblins
  10 hobgoblins
  3 jackals (D:4)
  2 quokkas (D:3)
  A ball python (D:3)
  6 bats
  3 frilled lizards
  A jackal skeleton (D:4)
  3 kobolds
  7 rats
69 creatures vanquished.

Notes
Turn   | Place    | Note
-------+----------+-------------------------------------------
     0 | D:1      | Atlas the Mummy Necromancer began the quest for the Orb.
     0 | D:1      | Reached XP level 1. HP: 13/13 MP: 4/4
    80 | D:1      | Reached XP level 2. HP: 4/19 MP: 0/5
  1320 | D:2      | Reached XP level 3. HP: 22/24 MP: 3/7
  1325 | D:2      | Learned a level 3 spell: Vampiric Draining
  1620 | D:2      | Found a white marble altar of Elyvilon.
  2202 | D:3      | Reached skill level 5 in Necromancy
  2202 | D:3      | Reached XP level 4. HP: 17/30 MP: 2/9
  2523 | D:3      | Noticed a centaur
  2529 | D:3      | Killed a centaur
  2529 | D:3      | Reached XP level 5. HP: 11/35 MP: 8/11
  3265 | D:4      | Noticed an ogre
  3271 | D:4      | Killed an ogre
  3271 | D:4      | Reached skill level 5 in Spellcasting
  3271 | D:4      | Reached skill level 6 in Necromancy
  3271 | D:4      | Reached XP level 6. HP: 22/41 MP: 13/13
  3401 | D:4      | Killed from afar by an orc priest

Vault maps used:
D:1:      minmay_arrival_arboretum_small
D:2:      marbit_many_paths
D:3:      first_ration, minivault_25
D:4:      zin_academy, cheibrodos_sewer_entry_sluice, uniq_blork_the_orc

Skill      XL: |  1  2  3  4  5 |
---------------+----------------+-----
Spellcasting   | 3 4 5 |  5.3
Necromancy     | 5 6 |  6.1
Stealth        | 2 |  2.0
Fighting       | |  0.1
Axes           | |  0.3
Armour         | |  0.6
Dodging        | |  1.6
Unarmed Combat | |  0.2

Action                   |  1- 3 |  4- 6 || total
-------------------------+-------+-------++-------
Melee: Unarmed           |    23 |       ||    23
       Hand axe          |       |    40 ||    40
 Cast: Pain              |    78 |    18 ||    96
       Vampiric Draining |     4 |    20 ||    24
  Use: Scroll            |     3 |     1 ||     4
Armor: Robe              |     3 |       ||     3
       Leather armour    |     2 |     6 ||     8
Dodge: Dodged            |    21 |    31 ||    52

Table legend:
 A = Spawn XP
 B = Non-spawn XP
 C = Spawn XP percentage of total XP
 D = Spawn monster count
 E = Non-spawn monster count
 F = Spawn count percentage of total count
 G = Total turns spent on level
                    A         B        C        D         E        F      G
               +---------+---------+-------+---------+---------+-------+---------
         Total |       0 |     470 |   0.0 |       0 |      69 |   0.0 |  3401
               +---------+---------+-------+---------+---------+-------+---------
           D:1 |       0 |      39 |   0.0 |       0 |      22 |   0.0 |  1269
           D:2 |       0 |      31 |   0.0 |       0 |      10 |   0.0 |   840
           D:3 |       0 |     225 |   0.0 |       0 |      29 |   0.0 |  1062
           D:4 |       0 |     175 |   0.0 |       0 |       8 |   0.0 |   230
               +---------+---------+-------+---------+---------+-------+---------
